 Dungeon Crawl Stone Soup version 0.25-a0-503-ge281fa673e (webtiles) character file.

Game seed: 14047407684067018720, levelgen mode: deterministic

164 Esekla the Magician (level 5, -4/28 HPs)
             Began as a Deep Elf Wizard on Feb 13, 2020.
             Slain by a scorpion (10 damage)
             ... on level 2 of the Dungeon.
             The game lasted 00:27:43 (3524 turns).

Esekla the Magician (Deep Elf Wizard)               Turns: 3524, Time: 00:27:43

Health: -4/28      AC:  2    Str:  5    XL:     5   Next: 21%
Magic:  1/16       EV: 13    Int: 23    God:
Gold:   89         SH:  0    Dex: 13    Spells: 8/17 levels left

rFire    . . .     SeeInvis .   o - +0 falchion
rCold    + . .     Gourm    .   (no shield)
rNeg     . . .     Faith    .   a - +0 robe
rPois    .         Spirit   .   b - +0 hat
rElec    .         Reflect  .   (no cloak)
rCorr    .         Harm     .   (no gloves)
MR       .....                  (no boots)
Stlth    ++........             (no amulet)
HPRegen  0.09/turn              e - ring of protection from cold
MPRegen  0.15/turn              (no ring)

@: very slightly contaminated
A: no striking features
a: no special abilities


You were on level 2 of the Dungeon.
You were not hungry.

You visited 1 branch of the dungeon, and saw 3 of its levels.

You collected 89 gold pieces.

Inventory:

Hand Weapons
 g - a +0 dagger
 o - a +0 falchion (weapon)
Missiles
 l - 3 javelins (quivered)
Armour
 a - a +0 robe (worn)
 b - a +0 hat (worn)
Jewellery
 e - a ring of protection from cold (left hand)
Scrolls
 c - 2 scrolls of enchant armour {unknown}
 f - a scroll of amnesia {unknown}
 h - a scroll of immolation {unknown}
 k - 2 scrolls of teleportation {unknown}
 n - a scroll of remove curse {unknown}
 p - a scroll of magic mapping {unknown}
Potions
 i - a potion of might {unknown}
 j - 2 potions of curing {unknown}
 m - a potion of berserk rage {unknown}
 q - 2 potions of flight {unknown}
 r - a potion of mutation {unknown}
 s - a potion of agility {unknown}
Comestibles
 d - 5 rations


   Skills:
 + Level 0.2 Short Blades
 * Level 3.3 Dodging
 - Level 2.4 Stealth
 * Level 6.6 Spellcasting
 + Level 1.9 Conjurations
   Level 1.1 Summonings
 * Level 1.9 Translocations
 * Level 0.5 Air Magic
 * Level 1.0 Poison Magic


You had 8 spell levels left.
You knew the following spells:

 Your Spells              Type           Power        Failure   Level  Hunger
a - Magic Dart            Conj           ###.         3%          1    None
b - Blink                 Tloc           N/A          5%          2    None
c - Mephitic Cloud        Conj/Pois/Air  ##......     14%         3    None
f - Conjure Flame         Conj/Fire      ##......     16%         3    None

Your spell library contained the following spells:

 Spells                   Type           Power        Failure   Level  Hunger
 Call Imp                 Summ           ##......     8%          2    None
 Slow                     Hex            #.......     12%         2    None


Dungeon Overview and Level Annotations

Branches:
Dungeon (3/15)

Altars:
Nemelex Xobeh
Xom
The Shining One


Message History

The scorpion stings you!
Casting: Magic Dart (safe; 3% risk of failure)
Confirm with . or Enter, or press ? or * to list all spells.
Aiming: Magic Dart (safe; 3% risk of failure)
Press: ? - help, Shift-Dir - straight line, f/p - scorpion
Aim: a scorpion (heavily wounded)
You miscast Magic Dart.
You are very lightly contaminated with residual magic.
Nothing appears to happen.
The scorpion stings you.
You hit the scorpion but do no damage.
The scorpion is heavily wounded.
The scorpion barely misses you.
You hit the scorpion but do no damage.
The scorpion is heavily wounded.
The scorpion stings you!
* * * LOW HITPOINT WARNING * * *
You hit the scorpion but do no damage.
The scorpion is heavily wounded.
The scorpion stings you!
You die...

#.†............# #.#
#.####.#####.#.# #.# ###### #.#
#.# #.#.# #.# #.....
#.####.#####.#.# #.# #.#...
#..............###.#########.#.#.
#.)###...........................
.................................
.....#..#.##.#.###.#########.#...
#..#.#.........s@.......####.#...
#..#.#..#.##.#.###...............
........#.##.#.............#.#...
#.........##...###......####.#...
#.......................# #.#...
.....##.#.#....####..#######.#...
...............# #..##...##.....
..##.#....#..#.####..##...##.#...
####.#.......#....#..##...##.#...


You could see a scorpion.

Vanquished Creatures
  An orc priest (D:2)
  An orc wizard (D:3)
  An adder (D:2)
  An ooze (D:3)
  4 worms
  5 dart slugs
  A leopard gecko (D:2)
  6 orcs
  2 ball pythons (D:2)
  9 bats
  5 giant cockroaches
  5 goblins
  7 hobgoblins
  4 jackals (D:1)
  A frilled lizard (D:1)
  5 kobolds
  12 rats
70 creatures vanquished.

Notes
Turn   | Place    | Note
-------+----------+-------------------------------------------
     0 | D:1      | Esekla the Deep Elf Wizard began the quest for the Orb.
     0 | D:1      | Reached XP level 1. HP: 10/10 MP: 7/7
   362 | D:1      | Reached skill level 5 in Spellcasting
   437 | D:1      | Reached XP level 2. HP: 15/15 MP: 1/10
   572 | D:1      | Learned a level 2 spell: Blink
   638 | D:2      | Noticed a scorpion
   818 | D:2      | Reached XP level 3. HP: 15/19 MP: 8/12
  1945 | D:2      | Learned a level 3 spell: Mephitic Cloud
  1949 | D:2      | Learned a level 3 spell: Conjure Flame
  2123 | D:2      | Reached skill level 6 in Spellcasting
  2211 | D:2      | Reached XP level 4. HP: 16/24 MP: 5/14
  2831 | D:3      | Reached XP level 5. HP: 23/28 MP: 4/16
  2973 | D:3      | Found a sparkling altar of Nemelex Xobeh.
  3088 | D:3      | Found a glowing golden altar of the Shining One.
  3091 | D:3      | Reached skill level 1 in Poison Magic
  3095 | D:3      | Found a shimmering altar of Xom.
  3115 | D:3      | Found a shimmering altar of Xom.
  3116 | D:3      | Found a shimmering altar of Xom.
  3116 | D:3      | Found a shimmering altar of Xom.
  3154 | D:3      | Found a shimmering altar of Xom.
  3524 | D:2      | Slain by a scorpion

Levels and vault maps discovered:
D:1:      ebering_trefoil_twist, layout_basic
D:2:      layout_basic, first_ration
D:3:      layout_loops_ring, nicolae_overflow_hidden_temple,
          lemuel_crystal_altar, xom_redecorated

Skill      XL: |  1  2  3  4  5 |
---------------+----------------+-----
Spellcasting   | 5 6 |  6.6
Dodging        | 3 |  3.3
Poison Magic   | 1 |  1.0
Short Blades   | |  0.2
Stealth        | |  2.4
Conjurations   | |  1.9
Summonings     | |  1.1
Translocations | |  1.9
Air Magic      | |  0.5

Action                   |  1- 3 |  4- 6 || total
-------------------------+-------+-------++-------
Melee: Unarmed           |     3 |       ||     3
       Dagger            |    27 |    22 ||    49
       Falchion          |       |     8 ||     8
Throw: Javelin           |       |     3 ||     3
 Cast: Magic Dart        |   108 |    90 ||   198
       Blink             |     4 |     3 ||     7
       Mephitic Cloud    |       |     3 ||     3
       Conjure Flame     |       |     1 ||     1
 Stab: Sleeping          |     4 |     5 ||     9
       Confused          |       |     3 ||     3
  Eat: Chunk             |     4 |     4 ||     8
Armor: Robe              |    12 |     1 ||    13
Dodge: Dodged            |    46 |    25 ||    71
       Rpst.: Falchion   |       |     5 ||     5

Table legend:
 A = Non-vault XP
 B = Vault XP
 C = Vault XP percentage of total XP
 D = Non-vault monster count
 E = Vault monster count
 F = Vault count percentage of total count
                 A         B        C        D         E       F
            +---------+---------+-------+---------+---------+-------
      Total |     235 |       0 |   0.0 |      70 |       0 |   0.0
            +---------+---------+-------+---------+---------+-------
        D:1 |      55 |       0 |   0.0 |      30 |       0 |   0.0
        D:2 |      95 |       0 |   0.0 |      19 |       0 |   0.0
        D:3 |      85 |       0 |   0.0 |      21 |       0 |   0.0
            +---------+---------+-------+---------+---------+-------
